 Dungeon Crawl Stone Soup version 0.29-a0-887-gcbe080d7e0 (webtiles) character file.

Game seed: 5924461513060182393

220954 sanka the Black Belt (level 19, -12/232 HPs)
             Began as a Gnoll Conjurer on July 1, 2022.
             Was an Elder of Ashenzari.
             Mangled by an alligator (22 damage)
             ... on level 3 of the Swamp on July 21, 2022.
             The game lasted 02:48:02 (55109 turns).

sanka the Black Belt (Gnoll Conjurer)              Turns: 55109, Time: 02:48:03

Health: -12/232    AC: 16    Str: 18    XL:     19   Next: 19%
Magic:  13/39      EV: 17    Int: 30    God:    Ashenzari [****..]
Gold:   2474       SH:  0    Dex: 11    Spells: 2/50 levels left

rFire   + + .      SeeInvis +     - Unarmed
rCold   x . .      Faith    .   (shield currently unavailable)
rNeg    . . .      Spirit   .   (body armour currently unavailable)
rPois   +          Reflect  .   (helmet currently unavailable)
rElec   .          Harm     .   (cloak currently unavailable)
rCorr   .          Rampage  .   (gloves currently unavailable)
Will    +....      Clarity  +   (boots currently unavailable)
Stlth   ++++++....              t - amulet of Ashenzari's Discomfort {Acrobat, Self, Elem} (curse)
HPRegen 0.48/turn               G - ring "Omission of Ashenzari" {EV+4, Bglg, Fort} (curse)
MPRegen 0.26/turn               y - ring "Lashed Together" {Int+6, Cun, Bglg} (curse)

@: dragon-form, flying, studying Unarmed Combat
A: dragon claw, dragon scales, breathe fire, flying, boosted hp, giant, (fangs
1), strong nose, distributed training, MP-powered wands, noise suppression
}: 1/15 runes: serpentine
a: Breathe Fire, End Transformation, Renounce Religion, Curse Item, Shatter the
Chains


You were on level 3 of the Swamp.
You worshipped Ashenzari.
Ashenzari was greatly pleased with you.
You were a fearsome dragon!
You visited 6 branches of the dungeon, and saw 31 of its levels.
You also visited: Sewer, Gauntlet and Ice Cave.

You collected 3583 gold pieces.
You spent 1109 gold pieces at shops.


Innate Abilities, Weirdness & Mutations

You are a fearsome dragon!
You have a powerful clawing attack.
Your giant scaled body is strong and resiliant, but less evasive.
You can breathe fire.
You are flying.
Your maximum health is greatly increased.
Your armour is entirely melded.
You are incapable of wielding weapons or throwing items.
((You have very sharp teeth.))
Your uncanny sense of smell can sniff out nearby items.
Your experience applies equally to all skills.
You expend magic power (3 MP) to strengthen your wands.
You passively dampen the noise of your surroundings.


   Skills:
 + Level 13.3(15.2) Fighting
 + Level 13.3 Short Blades
 + Level 13.3 Long Blades
 + Level 13.3 Axes
 + Level 13.3 Maces & Flails
 + Level 13.3 Polearms
 + Level 13.3 Staves
 + Level 13.3 Ranged Weapons
 + Level 13.3 Throwing
 + Level 13.3(15.2) Armour
 + Level 14.0(15.9) Dodging
 + Level 13.9(15.8) Stealth
 + Level 13.3(15.2) Shields
 + Level 15.0 Unarmed Combat
 + Level 14.2(16.0) Spellcasting
 + Level 13.2(16.1) Conjurations
 + Level 11.3(14.2) Hexes
 + Level 11.3 Summonings
 + Level 11.3 Necromancy
 + Level 11.3(14.2) Translocations
 + Level 11.3 Transmutations
 + Level 11.3(13.2) Fire Magic
 + Level 11.3(13.2) Ice Magic
 + Level 11.3(13.2) Air Magic
 + Level 11.3(13.2) Earth Magic
 + Level 11.3 Poison Magic
 + Level 14.4 Invocations
 + Level 13.3 Evocations


You had 2 spell levels left.
You knew the following spells:

 Your Spells              Type           Power      Damage    Failure   Level
c - Iron Shot             Conj/Erth      42%        9d8       1%          6
u - Dragon Form           Tmut           37%        N/A       16%         7
v - Blade Hands           Tmut           37%        N/A       1%          5
x - Orb of Destruction    Conj           44%        9d12      1%          7
y - Poisonous Vapours     Pois/Air       100%       N/A       1%          2
z - Magic Dart            Conj           100%       1d8       0%          1
C - Irradiate             Conj/Tmut      41%        3d25      1%          5
V - Conjure Ball Lightni  Conj/Air       42%        3x3d15    1%          6
X - Freezing Cloud        Conj/Ice/Air   41%        6-21      1%          5
Z - Fulminant Prism       Conj/Hex       43%        3d20      1%          4

Your spell library contained the following spells:

 Spells                   Type           Power      Damage    Failure   Level
 Apportation              Tloc           100%       N/A       0%          1
 Freeze                   Ice            100%       1d11      0%          1
 Searing Ray              Conj           100%       2d8       0%          2
 Static Discharge         Conj/Air       84%        3-14/arc  0%          2
 Necrotise                Necr           100%       1d9       1%          1
 Sting                    Tmut/Pois      100%       1d8       1%          1
 Summon Small Mammal      Summ           100%       N/A       1%          1
 Conjure Flame            Conj/Fire      84%        6-21      0%          3
 Dazzling Flash           Conj/Hex       100%       N/A       0%          3
 Portal Projectile        Hex/Tloc       100%       N/A       0%          3
 Stone Arrow              Conj/Erth      100%       3d13      0%          3
 Call Canine Familiar     Summ           75%        N/A       1%          3
 Ignite Poison            Fire/Tmut/Pois 77%        N/A       1%          3
 Mephitic Cloud           Conj/Pois/Air  81%        N/A       1%          3
 Spider Form              Tmut/Pois      75%        N/A       1%          3
 Summon Guardian Golem    Hex/Summ       79%        N/A       1%          3
 Swiftness                Air            81%        N/A       1%          3
 Animate Armour           Summ/Erth      100%       N/A       1%          4
 Iskenderun's Mystic Bla  Conj/Tloc      86%        2d17      1%          4
 Leda's Liquefaction      Hex/Erth       41%        N/A       1%          4
 Olgreb's Toxic Radiance  Pois           75%        N/A       1%          4
 Sticky Flame             Conj/Fire      84%        2d10      1%          4
 Fireball                 Conj/Fire      42%        3d17      1%          5
 Iskenderun's Battlesphe  Conj           88%        2d14      1%          5
 Lee's Rapid Deconstruct  Erth           40%        3d21*     1%          5
 Simulacrum               Ice/Necr       39%        N/A       1%          6
 Statue Form              Tmut/Erth      52%        N/A       1%          6
 Lehudib's Crystal Spear  Conj/Erth      42%        10d10     30%         8
 Borgnjor's Revivificati  Necr           37%        N/A       75%         8
 Necromutation            Tmut/Necr      37%        N/A       75%         8
 Death's Door             Necr           37%        N/A       100%        9
 Polar Vortex             Ice            40%        N/A       100%        9

Inventory:

Hand Weapons
 a - a +7 eveningstar of freezing (melded)
 d - a +0 lajatang of speed
 w - a +4 dagger
Missiles
 l - 7 silver javelins
 M - 5 throwing nets {=f}
 V - 7 curare-tipped darts {=f}
Armour
 c - the cursed scarf of the Eternal Sage (melded) {rC+ rF+, Elem, Bglg}

   It has a curse which improves the following skills: Elements: Fire Magic, Ice
   Magic, Air Magic and Earth Magic.
   Beguiling: Conjurations, Hexes and Translocations.
 o - a +2 buckler of positive energy (melded)
 A - a +2 pair of gloves (melded)
 F - the cursed +2 helmet of Ouranomancy (melded) {SInv, Bglg, Elem}

   It has a curse which improves the following skills: Beguiling: Conjurations,
   Hexes and Translocations.
   Elements:  Fire Magic, Ice Magic, Air Magic and Earth Magic.
 J - the cursed +4 ring mail of the Lashed Planets (melded) {rElec rCorr Str+3, Bglg, Alch}

   Str:       It affects your strength (+3).
   rElec:     It insulates you from electricity.
   rCorr:     It protects you from acid and corrosion.
   It has a curse which improves the following skills: Beguiling: Conjurations,
   Hexes and Translocations.
   Alchemy:   Poison Magic and Transmutations.
 W - the cursed +3 pair of mountain boots (melded) {steadfast, rC+, Bglg, Melee}

   It prevents involuntary movement, except for blinking, teleportation, or
   banishment.
   rC:        It protects you from cold.
   It has a curse which improves the following skills: Beguiling: Conjurations,
   Hexes and Translocations.
   Melee Combat: Short Blades, Long Blades, Axes, Maces & Flails, Polearms,
   Staves and Unarmed Combat.
Magical Staves
 b - a staff of conjuration {!a}
Jewellery
 f - the ring "Zibiar" {Str+7 Slay+4}

   [ring of slaying]

   Str:       It affects your strength (+7).
   Slay:      It affects your accuracy & damage with ranged weapons and melee
   (+4).
 t - the cursed amulet of Ashenzari's Discomfort (around neck) {Acrobat, Self, Elem}

   [amulet of the acrobat]

   It increases your evasion while moving and waiting.
   It has a curse which improves the following skills: Introspection: Fighting
   and Spellcasting.
   Elements:  Fire Magic, Ice Magic, Air Magic and Earth Magic.
 y - the cursed ring "Lashed Together" (right foreclaw) {Int+6, Cun, Bglg}

   [ring of intelligence]

   Int:       It affects your intelligence (+6).
   It has a curse which improves the following skills: Cunning: Dodging and
   Stealth.
   Beguiling: Conjurations, Hexes and Translocations.
 G - the cursed ring "Omission of Ashenzari" (left foreclaw) {EV+4, Bglg, Fort}

   [ring of evasion]

   EV:        It affects your evasion (+4).
   It has a curse which improves the following skills: Beguiling: Conjurations,
   Hexes and Translocations.
   Fortitude: Armour and Shields.
 T - the ring of Vuosiras {rElec rF+ rCorr Str-5 Dex+4}

   [ring of resist corrosion]

   Str:       It affects your strength (-5).
   Dex:       It affects your dexterity (+4).
   rF:        It protects you from fire.
   rElec:     It insulates you from electricity.
   rCorr:     It protects you from acid and corrosion.
Wands
 g - a wand of roots (4)
 p - a wand of mindburst (13)
 v - a wand of digging (8)
 D - a wand of quicksilver (14)
 L - a wand of charming (38)
 N - a wand of polymorph (7)
Scrolls
 k - 10 scrolls of poison {!r}
 n - 4 scrolls of fear
 x - 4 scrolls of fog
 B - 9 scrolls of teleportation {@r4}
 C - 2 scrolls of silence {!r}
 O - 8 scrolls of magic mapping
 P - 5 scrolls of amnesia
 S - 5 scrolls of vulnerability {!r}
 U - 10 scrolls of enchant armour
 X - 4 scrolls of blinking
 Y - 2 scrolls of summoning
Potions
 e - 11 potions of curing {@q1}
 h - 4 potions of resistance
 i - 5 potions of magic
 j - 5 potions of flight
 m - 2 potions of might
 q - 6 potions of mutation {!q}
 r - 8 potions of attraction {!q}
 s - 10 potions of brilliance
 u - 2 potions of ambrosia
 z - 7 potions of heal wounds {@q2}
 I - 2 potions of haste {@q3}
 Z - 2 potions of invisibility
Miscellaneous
 K - a condenser vane

Dungeon Overview and Level Annotations

Branches:
Dungeon (15/15)            Temple (1/1) D:7            Lair (6/6) D:9
  Swamp (3/4) Lair:2        Snake (4/4) Lair:2        Slime (0/5) Lair:5
    Orc (2/2) D:11            Elf (0/3) Orc:2        Vaults (0/5) D:14
 Depths (0/4) D:15          Sewer (visited)           IceCv (visited)
Gauntlet (visited)

Altars:
Ashenzari
Cheibriados
Dithmenos
Elyvilon
Fedhas
Gozag
Kikubaaqudgha
Makhleb
Nemelex Xobeh
Okawaru
Qazlal
Ru
Sif Muna
Trog
Uskayaw
Vehumet
Wu Jian
Xom
Yredelemnul
Zin
The Shining One
Jiyva

Shops:
D:6 =   Orc:1 [   Orc:2 =[(**   Snake:4 (

Annotations:
Lair:4 2 runed translucent doors, soberaf's ghost, journeyman GnWr

░ ░ ,≈ ♣♣...>♣ ░ ░ ░,≈
░♣..≈<≈♣♣ ░♣≈♣ ≈ ░ ≈,
,. ♣£.≈≈..♣♣♣..♣ ≈≈ ░
≈t≈≈.♣♣≈≈.....≈..♣░ ,
≈░░ .≈.≈..≈#..≈≈.≈≈≈.♣
░ ░ ≈ ░
≈≈....≈≈.≈.≈.≈≈≈≈≈♣ ≈ ,
░....≈≈)≈≈≈≈≈..≈≈≈♣
,░≈,,.≈♣≈≈≈≈#.≈t♣t♣.≈.♣
≈≈≈≈.♣!≈≈≈RD.♣ ♣ ,
≈≈£.≈≈≈≈..≈≈≈x.♣♣ ≈ ░
.≈≈≈≈≈≈..≈≈≈).).♣♣♣
≈≈.≈♣≈.≈≈≈▒▒▒)).♣♣♣
♣≈≈≈..≈≈≈≈..▒))♣♣♣░ ≈ ░
♣.≈≈≈♣..≈♣..▒...♣♣░≈,,
░ .≈≈≈.♣≈..≈.....♣♣♣♣,
,░
≈..≈.....≈≈.▒...♣♣♣., ░
≈≈.≈≈.#.....▒..≈.♣♣#


You could see a bunyip, an eleionoma and 2 alligators.


Message History

The spray of wooden splinters hits you!
* * * LOW HITPOINT WARNING * * *
The alligator barely misses you. The alligator closely misses you.
Unknown command.
You turn into a fearsome dragon!
Your +7 eveningstar of freezing stops glowing.
You feel hot and cold all over.
You feel less protected from negative energy.
The alligator no longer looks unusually strong.
The eleionoma splashes around in the water.
The alligator closely misses you. The alligator barely misses you.
Unknown command.
You barely miss the eleionoma. The eleionoma completely misses you.
The alligator bites you!
* * * LOW HITPOINT WARNING * * *
The alligator tail-slaps you.
* * * LOW HITPOINT WARNING * * *
The bunyip claws you.
* * * LOW HITPOINT WARNING * * *
The bunyip closely misses you. The bunyip claws you!!
* * * LOW HITPOINT WARNING * * *
You bite the eleionoma!! You bite the eleionoma.
The eleionoma is moderately wounded.
The alligator bites you!!
You die...

Action                   |  1- 3 |  4- 6 |  7- 9 | 10-12 | 13-15 | 16-18 | 19-21 || total
-------------------------+-------+-------+-------+-------+-------+-------+-------++-------
Melee: Trident           |       |     7 |    92 |       |       |       |       ||    99
       Bite              |       |       |    10 |    46 |    90 |    45 |     2 ||   193
       Punch             |       |       |     6 |       |       |    16 |       ||    22
       Battleaxe         |       |       |     7 |    36 |       |       |       ||    43
       Dire flail        |       |       |       |   271 |   155 |       |       ||   426
       Eveningstar       |       |       |       |       |   595 |   112 |     8 ||   715
       Unarmed           |       |       |       |       |    13 |   221 |     2 ||   236
       Dagger            |       |       |       |       |     2 |    19 |     1 ||    22
       Glaive            |       |       |       |       |       |    51 |       ||    51
       Tailslap          |       |       |       |       |       |    40 |       ||    40
 Cast: Magic Dart        |    47 |    84 |    76 |   189 |       |     2 |       ||   398
       Searing Ray       |     2 |     7 |    27 |    37 |       |       |       ||    73
       Poisonous Vapours |       |     6 |    15 |    13 |       |       |       ||    34
       Fulminant Prism   |       |     4 |    19 |    60 |       |       |       ||    83
       Freezing Cloud    |       |       |       |     4 |    45 |    43 |     1 ||    93
       Iron Shot         |       |       |       |     2 |   187 |   292 |    15 ||   496
       Dragon Form       |       |       |       |       |     1 |    25 |     1 ||    27
       Orb of Destructio |       |       |       |       |       |    10 |    23 ||    33
       Conjure Ball Ligh |       |       |       |       |       |     1 |       ||     1
Invok: Curse Item        |       |       |       |     5 |     4 |     2 |       ||    11
       Shatter the Chain |       |       |       |       |       |     4 |       ||     4
Evoke: Wand              |       |       |     4 |     2 |     3 |     1 |       ||    10
  Use: Potion            |       |     1 |       |       |     3 |     6 |     2 ||    12
       Scroll            |       |       |       |    11 |     8 |     2 |       ||    21
 Stab: Sleeping          |       |       |       |       |     2 |    24 |     1 ||    27
       Distracted        |       |       |       |       |     2 |     1 |       ||     3
       Petrified         |       |       |       |       |     2 |       |       ||     2
Armor: Robe              |       |     1 |     4 |       |       |       |       ||     5
       Ring mail         |       |       |    30 |   134 |   193 |    94 |     7 ||   458
       Skin              |       |       |       |       |       |   111 |       ||   111
Dodge: Dodged            |     2 |    21 |   179 |   544 |   563 |   462 |    28 ||  1799
Block: Buckler           |       |       |       |       |   211 |    97 |    14 ||   322

Levels and vault maps discovered:
D:1:      psy_arrival_dodecagon, layout_rooms, serial_glass, glass_columns_c,
          glass_columns_b, minmay_misc_feat_iff
D:2:      layout_basic, uniq_terence
D:3:      layout_basic, hellmonk_ecumenical_altar_crossroads, hex_large,
          dreamdust_wishing_well, grunt_ministairs_13, kennysheep_boxes
D:4:      layout_cave_pools, marbit_many_paths, uniq_duvessa
D:5:      layout_loops_ring, tso_metal_star, gammafunk_ghost_gnarly_gnolls
D:6:      layout_layer_cave, gup_sewer_entry_bubbles, serial_shops,
          nicolae_shop_trees
D:7:      cheibrodos_barr_body, layout_loops_cross,
          minmay_temple_entry_overgrown
D:8:      layout_rooms
D:9:      minmay_quarter_circles, layout_basic, nicolae_dithmenos_the_darkroom,
          mainiacjoe_overflow_brackets, nicolae_overflow_hidden_temple,
          grunt_lair_entry_orc_guard_hut
D:10:     layout_cave_pools, mainiacjoe_overflow_surrounded_room
D:11:     layout_basic, david_orc_2, wad_floor_pattern_untrapped,
          patterned_corridor, uniq_harold, uniq_sonja
D:12:     layout_long_grid, gauntlet_entry_generic, the_hattery
D:13:     layout_rooms, uniq_rupert, uniq_kirke, uniq_jorgrun
D:14:     layout_basic, david_vaults_4, nicolae_ashenzari_skybound
D:15:     grunt_enter_depths_snipers, layout_loops_ring,
          grunt_decor_mini_mirrors, minmay_liquid_box
Temple:   eino_wide_crystal_templ
Lair:1:   layout_gridlike
Lair:2:   layout_cave_pods, minmay_swamp_entry_wisps,
          minmay_snake_entry_guardpost_small, serial_bayou_shore_a,
          grunt_megastairs_2, lemuel_fruit_fields
Lair:3:   layout_misc_corridors, basic_altar,
          portal_ice_cave_entry_animals_and_master, ice2_lemuel,
          lemuel_fruit_fields, lemuel_fruit_fields
Lair:4:   layout_roguey, ebering_ghost_disaster_area,
          chequers_serial_rivers_micro_d, serial_bayou_shore_b
Lair:5:   layout_cave_pods, dpeg_slime_entry_enclosed, basic_altar,
          grunt_megastairs_4
Lair:6:   evilmike_catoblepas_cave, layout_cave_pods, grunt_megastairs_1,
          infiniplex_staircase_pool_2
Swamp:1:  layout_falls_marsh, nicolae_swamp_trees_clearing,
          infiniplex_staircase_pool
Swamp:2:  layout_basic_swamp, nicolae_swamp_godswood
Swamp:3:  layout_falls_marsh, evilmike_swamp_ruin_house_2
Snake:1:  layout_honeycomb, ebering_ghost_inner_flame, basic_altar,
          serial_bayou_pond_e
Snake:2:  layout_chambers, uniq_aizul, uniq_nikola, uniq_agnes
Snake:3:  layout_layer_cave, nicolae_snake_salamander_stairs, uniq_vashnia,
          uniq_saint_roka, uniq_louise
Snake:4:  grunt_snake_rune_pools, layout_cave_town, serial_shops, shop,
          grunt_megastairs_3
Orc:1:    layout_caves, serial_shops, shop, nicolae_orc_flooded_monolith
Orc:2:    grunt_orc_cross, layout_caves, basic_altar, nicolae_shop_gadgets

Notes
Turn   | Place    | Note
-------+----------+-------------------------------------------
     0 | D:1      | sanka the Gnoll Conjurer began the quest for the Orb.
     0 | D:1      | Reached XP level 1. HP: 13/13 MP: 6/6
   233 | D:1      | Reached XP level 2. HP: 19/19 MP: 5/7
   268 | D:1      | Learned a level 2 spell: Searing Ray
   926 | D:2      | Noticed Terence
   932 | D:2      | Killed Terence
   933 | D:2      | Reached skill level 5 in Spellcasting
   933 | D:2      | Reached skill level 1 in Invocations
   933 | D:2      | Reached XP level 3. HP: 19/25 MP: 0/9
  1025 | D:2      | Reached skill level 1 in Fighting
  1025 | D:2      | Reached skill level 1 in Short Blades
  1025 | D:2      | Reached skill level 1 in Long Blades
  1025 | D:2      | Reached skill level 1 in Axes
  1025 | D:2      | Reached skill level 1 in Maces & Flails
  1025 | D:2      | Reached skill level 1 in Polearms
  1025 | D:2      | Reached skill level 1 in Staves
  1025 | D:2      | Reached skill level 1 in Ranged Weapons
  1025 | D:2      | Reached skill level 1 in Throwing
  1025 | D:2      | Reached skill level 1 in Armour
  1025 | D:2      | Reached skill level 1 in Shields
  1025 | D:2      | Reached skill level 1 in Unarmed Combat
  1025 | D:2      | Reached skill level 1 in Evocations
  1321 | D:2      | Reached XP level 4. HP: 32/32 MP: 7/11
  1904 | D:3      | Reached skill level 1 in Hexes
  1904 | D:3      | Reached skill level 1 in Summonings
  1904 | D:3      | Reached skill level 1 in Necromancy
  1904 | D:3      | Reached skill level 1 in Translocations
  1904 | D:3      | Reached skill level 1 in Transmutations
  1904 | D:3      | Reached skill level 1 in Fire Magic
  1904 | D:3      | Reached skill level 1 in Ice Magic
  1904 | D:3      | Reached skill level 1 in Air Magic
  1904 | D:3      | Reached skill level 1 in Earth Magic
  1904 | D:3      | Reached skill level 1 in Poison Magic
  2489 | D:3      | Found a faded altar of an unknown god.
  2506 | D:3      | Learned a level 2 spell: Poisonous Vapours
  2511 | D:3      | Learned a level 4 spell: Fulminant Prism
  2639 | D:3      | Reached XP level 5. HP: 37/37 MP: 8/12
  2968 | D:4      | Noticed Duvessa
  2968 | D:4      | Noticed Dowan
  2974 | D:4      | HP: 1/37 [spore (17)]
  3235 | D:4      | Noticed a phantom
  3265 | D:4      | Killed Duvessa
  3266 | D:4      | Reached skill level 2 in Invocations
  3266 | D:4      | Reached XP level 6. HP: 31/44 MP: 1/13
  3362 | D:4      | Killed Dowan
  3363 | D:4      | Reached skill level 2 in Fighting
  3363 | D:4      | Reached skill level 2 in Short Blades
  3363 | D:4      | Reached skill level 2 in Long Blades
  3363 | D:4      | Reached skill level 2 in Axes
  3363 | D:4      | Reached skill level 2 in Maces & Flails
  3363 | D:4      | Reached skill level 2 in Polearms
  3363 | D:4      | Reached skill level 2 in Staves
  3363 | D:4      | Reached skill level 2 in Ranged Weapons
  3363 | D:4      | Reached skill level 2 in Throwing
  3363 | D:4      | Reached skill level 2 in Armour
  3363 | D:4      | Reached skill level 5 in Dodging
  3363 | D:4      | Reached skill level 2 in Shields
  3363 | D:4      | Reached skill level 2 in Unarmed Combat
  3363 | D:4      | Reached skill level 2 in Evocations
  3821 | D:4      | Reached XP level 7. HP: 51/51 MP: 7/15
  4021 | D:4      | Found a basalt altar of Yredelemnul.
  4085 | D:4      | Reached skill level 2 in Hexes
  4085 | D:4      | Reached skill level 2 in Summonings
  4085 | D:4      | Reached skill level 2 in Necromancy
  4085 | D:4      | Reached skill level 2 in Translocations
  4085 | D:4      | Reached skill level 2 in Transmutations
  4085 | D:4      | Reached skill level 2 in Fire Magic
  4085 | D:4      | Reached skill level 2 in Ice Magic
  4085 | D:4      | Reached skill level 2 in Air Magic
  4085 | D:4      | Reached skill level 2 in Earth Magic
  4085 | D:4      | Reached skill level 2 in Poison Magic
  4275 | D:5      | Entered Level 5 of the Dungeon
  4578 | D:5      | Reached skill level 5 in Stealth
  4578 | D:5      | Reached skill level 3 in Invocations
  4859 | D:5      | Identified the +1 ring mail of Articulation {+Inv Str+2}
  4880 | D:5      | Found a glowing golden altar of the Shining One.
  5137 | D:5      | Noticed Anon1729's ghost (amateur MiMo)
  5142 | D:5      | Identified the ring of Vuosiras {rElec rF+ rCorr Str-5
                  | Dex+4}
  5161 | D:5      | Found a transporter.
  5161 | D:5      | Found a transporter.
  5750 | D:6      | Reached skill level 3 in Fighting
  5750 | D:6      | Reached skill level 3 in Short Blades
  5750 | D:6      | Reached skill level 3 in Long Blades
  5750 | D:6      | Reached skill level 3 in Axes
  5750 | D:6      | Reached skill level 3 in Maces & Flails
  5750 | D:6      | Reached skill level 3 in Polearms
  5750 | D:6      | Reached skill level 3 in Staves
  5750 | D:6      | Reached skill level 3 in Ranged Weapons
  5750 | D:6      | Reached skill level 3 in Throwing
  5750 | D:6      | Reached skill level 3 in Armour
  5750 | D:6      | Reached skill level 3 in Shields
  5750 | D:6      | Reached skill level 3 in Unarmed Combat
  5750 | D:6      | Reached skill level 3 in Evocations
  5750 | D:6      | Reached XP level 8. HP: 58/58 MP: 9/16
  5943 | D:6      | Found a glowing drain.
  5993 | Sewer    | Entered a sewer
  6156 | Sewer    | Reached skill level 6 in Spellcasting
  6212 | Sewer    | Identified the +4 ring mail of the Desert {rElec rCorr
                  | Str+3}
  6389 | D:6      | Found Ruha's Jewellery Boutique.
  6407 | D:6      | Got the Compendium of Feathers
  7286 | D:7      | Noticed a vampire
  7390 | D:7      | Noticed a wyvern
  7391 | D:7      | Killed a vampire
  7401 | D:7      | Killed a wyvern
  7402 | D:7      | Reached skill level 6 in Dodging
  7402 | D:7      | Reached skill level 3 in Hexes
  7402 | D:7      | Reached skill level 3 in Summonings
  7402 | D:7      | Reached skill level 3 in Necromancy
  7402 | D:7      | Reached skill level 3 in Translocations
  7402 | D:7      | Reached skill level 3 in Transmutations
  7402 | D:7      | Reached skill level 3 in Fire Magic
  7402 | D:7      | Reached skill level 3 in Ice Magic
  7402 | D:7      | Reached skill level 3 in Air Magic
  7402 | D:7      | Reached skill level 3 in Earth Magic
  7402 | D:7      | Reached skill level 3 in Poison Magic
  7402 | D:7      | Reached skill level 4 in Invocations
  7422 | D:7      | Reached XP level 9. HP: 65/65 MP: 1/18
  7427 | D:7      | Noticed a cyclops
  7434 | D:7      | Reached skill level 4 in Fighting
  7434 | D:7      | Reached skill level 4 in Short Blades
  7434 | D:7      | Reached skill level 4 in Long Blades
  7434 | D:7      | Reached skill level 4 in Axes
  7434 | D:7      | Reached skill level 4 in Maces & Flails
  7434 | D:7      | Reached skill level 4 in Polearms
  7434 | D:7      | Reached skill level 4 in Staves
  7434 | D:7      | Reached skill level 4 in Ranged Weapons
  7434 | D:7      | Reached skill level 4 in Throwing
  7434 | D:7      | Reached skill level 4 in Armour
  7434 | D:7      | Reached skill level 4 in Shields
  7434 | D:7      | Reached skill level 4 in Unarmed Combat
  7434 | D:7      | Reached skill level 4 in Evocations
  7699 | D:7      | Reached skill level 6 in Stealth
  7699 | D:7      | Reached skill level 8 in Conjurations
  7765 | D:7      | Found a staircase to the Ecumenical Temple.
  7807 | D:7      | Identified quicksilver dragon scales
  8158 | D:7      | Killed a cyclops
  8159 | D:7      | Reached skill level 5 in Invocations
  8292 | Temple   | Entered the Ecumenical Temple
  8346 | Temple   | Became a worshipper of Ashenzari the Shackled
  8428 | D:7      | Identified +0 steam dragon scales
  8643 | D:7      | Reached skill level 7 in Spellcasting
  8999 | D:7      | Reached skill level 4 in Hexes
  8999 | D:7      | Reached skill level 4 in Summonings
  8999 | D:7      | Reached skill level 4 in Necromancy
  8999 | D:7      | Reached skill level 4 in Translocations
  8999 | D:7      | Reached skill level 4 in Transmutations
  8999 | D:7      | Reached skill level 4 in Fire Magic
  8999 | D:7      | Reached skill level 4 in Ice Magic
  8999 | D:7      | Reached skill level 4 in Air Magic
  8999 | D:7      | Reached skill level 4 in Earth Magic
  8999 | D:7      | Reached skill level 4 in Poison Magic
  9119 | D:8      | Reached skill level 5 in Fighting
  9119 | D:8      | Reached skill level 5 in Short Blades
  9119 | D:8      | Reached skill level 5 in Long Blades
  9119 | D:8      | Reached skill level 5 in Axes
  9119 | D:8      | Reached skill level 5 in Maces & Flails
  9119 | D:8      | Reached skill level 5 in Polearms
  9119 | D:8      | Reached skill level 5 in Staves
  9119 | D:8      | Reached skill level 5 in Ranged Weapons
  9119 | D:8      | Reached skill level 5 in Throwing
  9119 | D:8      | Reached skill level 5 in Armour
  9119 | D:8      | Reached skill level 5 in Shields
  9119 | D:8      | Reached skill level 5 in Unarmed Combat
  9119 | D:8      | Reached skill level 5 in Evocations
  9119 | D:8      | Reached XP level 10. HP: 43/74 MP: 12/20
  9410 | D:8      | Reached skill level 7 in Dodging
  9914 | D:8      | Identified +0 steam dragon scales
 10312 | D:9      | Noticed a two-headed ogre
 10409 | D:9      | Noticed a green ugly thing
 10491 | D:9      | Reached skill level 6 in Invocations
 10495 | D:9      | Reached skill level 7 in Stealth
 10506 | D:9      | HP: 6/75 [killer bee (3)]
 10513 | D:9      | HP: 2/76 [killer bee (5)]
 10519 | D:9      | HP: 2/76 [killer bee (1)]
 10891 | D:9      | Found a shadowy altar of Dithmenos.
 11020 | D:9      | Killed a two-headed ogre
 11199 | D:9      | Reached skill level 6 in Fighting
 11199 | D:9      | Reached skill level 6 in Short Blades
 11199 | D:9      | Reached skill level 6 in Long Blades
 11199 | D:9      | Reached skill level 6 in Axes
 11199 | D:9      | Reached skill level 6 in Maces & Flails
 11199 | D:9      | Reached skill level 6 in Polearms
 11199 | D:9      | Reached skill level 6 in Staves
 11199 | D:9      | Reached skill level 6 in Ranged Weapons
 11199 | D:9      | Reached skill level 6 in Throwing
 11199 | D:9      | Reached skill level 6 in Armour
 11199 | D:9      | Reached skill level 6 in Shields
 11199 | D:9      | Reached skill level 6 in Unarmed Combat
 11199 | D:9      | Reached skill level 6 in Evocations
 11204 | D:9      | Reached skill level 5 in Hexes
 11204 | D:9      | Reached skill level 5 in Summonings
 11204 | D:9      | Reached skill level 5 in Necromancy
 11204 | D:9      | Reached skill level 5 in Translocations
 11204 | D:9      | Reached skill level 5 in Transmutations
 11204 | D:9      | Reached skill level 5 in Fire Magic
 11204 | D:9      | Reached skill level 5 in Ice Magic
 11204 | D:9      | Reached skill level 5 in Air Magic
 11204 | D:9      | Reached skill level 5 in Earth Magic
 11204 | D:9      | Reached skill level 5 in Poison Magic
 11204 | D:9      | Reached XP level 11. HP: 74/81 MP: 20/22
 11220 | D:9      | Reached skill level 8 in Spellcasting
 11232 | D:9      | Killed a green ugly thing
 11377 | D:9      | Noticed a brown ugly thing
 11465 | D:9      | Killed a brown ugly thing
 11466 | D:9      | Reached skill level 9 in Conjurations
 11466 | D:9      | Reached skill level 7 in Invocations
 11535 | D:9      | Noticed a fire dragon
 11672 | D:6      | Bought a ring of protection from fire for 325 gold pieces
 11777 | D:9      | Noticed a tengu warrior
 11779 | D:9      | Noticed a wizard
 11784 | D:9      | Killed a tengu warrior
 11785 | D:9      | Reached skill level 8 in Dodging
 12045 | D:9      | Killed a wizard
 12123 | D:9      | Found an opulent altar of Gozag.
 12140 | D:9      | Found a staircase to the Lair.
 12142 | D:9      | Noticed a two-headed ogre
 12147 | D:9      | Killed a two-headed ogre
 12559 | D:9      | Reached skill level 8 in Stealth
 12706 | D:9      | Found a snail-covered altar of Cheibriados.
 12735 | D:9      | Learned a level 5 spell: Freezing Cloud
 13046 | D:9      | Noticed a two-headed ogre
 13054 | D:9      | Killed a two-headed ogre
 13059 | D:9      | Noticed a tengu warrior
 13073 | D:9      | Killed a tengu warrior
 13074 | D:9      | Reached skill level 7 in Fighting
 13074 | D:9      | Reached skill level 7 in Short Blades
 13074 | D:9      | Reached skill level 7 in Long Blades
 13074 | D:9      | Reached skill level 7 in Axes
 13074 | D:9      | Reached skill level 7 in Maces & Flails
 13074 | D:9      | Reached skill level 7 in Polearms
 13074 | D:9      | Reached skill level 7 in Staves
 13074 | D:9      | Reached skill level 7 in Ranged Weapons
 13074 | D:9      | Reached skill level 7 in Throwing
 13074 | D:9      | Reached skill level 7 in Armour
 13074 | D:9      | Reached skill level 7 in Shields
 13074 | D:9      | Reached skill level 7 in Unarmed Combat
 13074 | D:9      | Reached skill level 7 in Evocations
 13974 | D:10     | Entered Level 10 of the Dungeon
 14007 | D:10     | Reached XP level 12. HP: 91/91 MP: 19/24
 14265 | D:10     | Found a blossoming altar of Fedhas.
 14582 | D:10     | Reached * piety under Ashenzari
 14582 | D:10     | Identified 3 potions of resistance
 14582 | D:10     | Identified a scroll of acquirement
 14583 | D:10     | Upgraded the game from 0.29-a0-775-g4d7333d4e2 to
                  | 0.29-a0-789-g7a8fcbc185
 14612 | D:11     | Found a staircase to the Orcish Mines.
 14740 | D:11     | Noticed a two-headed ogre
 14744 | D:11     | Killed a two-headed ogre
 14745 | D:11     | Reached skill level 6 in Hexes
 14745 | D:11     | Reached skill level 6 in Summonings
 14745 | D:11     | Reached skill level 6 in Necromancy
 14745 | D:11     | Reached skill level 6 in Translocations
 14745 | D:11     | Reached skill level 6 in Transmutations
 14745 | D:11     | Reached skill level 6 in Fire Magic
 14745 | D:11     | Reached skill level 6 in Ice Magic
 14745 | D:11     | Reached skill level 6 in Air Magic
 14745 | D:11     | Reached skill level 6 in Earth Magic
 14745 | D:11     | Reached skill level 6 in Poison Magic
 14825 | D:11     | Noticed Harold
 14831 | D:11     | Noticed Sonja
 14875 | D:11     | Killed Harold
 14876 | D:11     | Reached skill level 8 in Invocations
 14876 | D:11     | Killed Sonja
 14877 | D:11     | Reached skill level 9 in Spellcasting
 15170 | D:11     | Noticed a two-headed ogre
 15177 | D:11     | Killed a two-headed ogre
 15605 | D:11     | Reached ** piety under Ashenzari
 15688 | Lair:1   | Entered Level 1 of the Lair of Beasts
 16536 | Lair:1   | Reached skill level 9 in Dodging
 16916 | Lair:2   | Found a staircase to the Swamp.
 17283 | Lair:1   | Reached skill level 9 in Stealth
 17616 | Lair:2   | Found a staircase to the Snake Pit.
 17867 | Lair:2   | Reached *** piety under Ashenzari
 18059 | Lair:2   | Reached skill level 8 in Fighting
 18059 | Lair:2   | Reached skill level 8 in Short Blades
 18059 | Lair:2   | Reached skill level 8 in Long Blades
 18059 | Lair:2   | Reached skill level 8 in Axes
 18059 | Lair:2   | Reached skill level 8 in Maces & Flails
 18059 | Lair:2   | Reached skill level 8 in Polearms
 18059 | Lair:2   | Reached skill level 8 in Staves
 18059 | Lair:2   | Reached skill level 8 in Ranged Weapons
 18059 | Lair:2   | Reached skill level 8 in Throwing
 18059 | Lair:2   | Reached skill level 8 in Armour
 18059 | Lair:2   | Reached skill level 8 in Shields
 18059 | Lair:2   | Reached skill level 8 in Unarmed Combat
 18059 | Lair:2   | Reached skill level 8 in Evocations
 18157 | Lair:2   | Learned a level 6 spell: Iron Shot
 18163 | Lair:2   | Learned a level 5 spell: Blade Hands
 18199 | Lair:2   | Reached XP level 13. HP: 84/98 MP: 2/26
 18423 | Lair:2   | Reached skill level 9 in Invocations
 18830 | Lair:2   | Reached skill level 10 in Conjurations
 18941 | Lair:2   | Upgraded the game from 0.29-a0-789-g7a8fcbc185 to
                  | 0.29-a0-872-g797fff5ad1
 19114 | Lair:3   | Found a blossoming altar of Fedhas.
 19143 | Lair:3   | Reached skill level 7 in Hexes
 19143 | Lair:3   | Reached skill level 7 in Summonings
 19143 | Lair:3   | Reached skill level 7 in Necromancy
 19143 | Lair:3   | Reached skill level 7 in Translocations
 19143 | Lair:3   | Reached skill level 7 in Transmutations
 19143 | Lair:3   | Reached skill level 7 in Fire Magic
 19143 | Lair:3   | Reached skill level 7 in Ice Magic
 19143 | Lair:3   | Reached skill level 7 in Air Magic
 19143 | Lair:3   | Reached skill level 7 in Earth Magic
 19143 | Lair:3   | Reached skill level 7 in Poison Magic
 19185 | Lair:3   | Found a frozen archway.
 19189 | Lair:3   | Noticed an ice dragon
 19198 | Lair:3   | Reached skill level 10 in Spellcasting
 19340 | Lair:3   | Killed an ice dragon
 19360 | Lair:3   | Acquired the Papyrus of the Mutagenic Glacier
 19368 | Lair:3   | Learned a level 5 spell: Irradiate
 19376 | IceCv    | Entered an ice cave
 20130 | IceCv    | Noticed an ice dragon
 20482 | IceCv    | Identified a scarf of resistance
 20720 | IceCv    | Killed an ice dragon
 21076 | IceCv    | Upgraded the game from 0.29-a0-872-g797fff5ad1 to
                  | 0.29-a0-885-gb26ba3297d
 21580 | Lair:3   | Reached skill level 10 in Dodging
 21781 | Lair:3   | Reached **** piety under Ashenzari
 23003 | Lair:4   | Reached skill level 9 in Fighting
 23003 | Lair:4   | Reached skill level 9 in Short Blades
 23003 | Lair:4   | Reached skill level 9 in Long Blades
 23003 | Lair:4   | Reached skill level 9 in Axes
 23003 | Lair:4   | Reached skill level 9 in Maces & Flails
 23003 | Lair:4   | Reached skill level 9 in Polearms
 23003 | Lair:4   | Reached skill level 9 in Staves
 23003 | Lair:4   | Reached skill level 9 in Ranged Weapons
 23003 | Lair:4   | Reached skill level 9 in Throwing
 23003 | Lair:4   | Reached skill level 9 in Armour
 23003 | Lair:4   | Reached skill level 9 in Shields
 23003 | Lair:4   | Reached skill level 9 in Unarmed Combat
 23003 | Lair:4   | Reached skill level 9 in Evocations
 23072 | Lair:4   | Reached skill level 10 in Stealth
 23470 | Lair:4   | Reached XP level 14. HP: 81/108 MP: 17/28
 23474 | Lair:4   | Reached skill level 10 in Invocations
 24051 | Lair:4   | Found a large runed translucent door.
 24053 | Lair:4   | Found a large runed translucent door.
 24055 | Lair:4   | Noticed soberaf's ghost (journeyman GnWr)
 25039 | Lair:5   | Found a viscous altar of Jiyva.
 25039 | Lair:5   | Found a staircase to the Slime Pits.
 25510 | Lair:5   | Found a radiant altar of Vehumet.
 25690 | Lair:4   | Reached skill level 8 in Hexes
 25690 | Lair:4   | Reached skill level 8 in Summonings
 25690 | Lair:4   | Reached skill level 8 in Necromancy
 25690 | Lair:4   | Reached skill level 8 in Translocations
 25690 | Lair:4   | Reached skill level 8 in Transmutations
 25690 | Lair:4   | Reached skill level 8 in Fire Magic
 25690 | Lair:4   | Reached skill level 8 in Ice Magic
 25690 | Lair:4   | Reached skill level 8 in Air Magic
 25690 | Lair:4   | Reached skill level 8 in Earth Magic
 25690 | Lair:4   | Reached skill level 8 in Poison Magic
 26301 | Lair:6   | Entered Level 6 of the Lair of Beasts
 26612 | Lair:6   | Reached skill level 11 in Spellcasting
 27440 | Lair:6   | Reached skill level 10 in Fighting
 27440 | Lair:6   | Reached skill level 10 in Short Blades
 27440 | Lair:6   | Reached skill level 10 in Long Blades
 27440 | Lair:6   | Reached skill level 10 in Axes
 27440 | Lair:6   | Reached skill level 10 in Maces & Flails
 27440 | Lair:6   | Reached skill level 10 in Polearms
 27440 | Lair:6   | Reached skill level 10 in Staves
 27440 | Lair:6   | Reached skill level 10 in Ranged Weapons
 27440 | Lair:6   | Reached skill level 10 in Throwing
 27440 | Lair:6   | Reached skill level 10 in Armour
 27440 | Lair:6   | Reached skill level 11 in Dodging
 27440 | Lair:6   | Reached skill level 10 in Shields
 27440 | Lair:6   | Reached skill level 10 in Unarmed Combat
 27440 | Lair:6   | Reached skill level 11 in Conjurations
 27440 | Lair:6   | Reached skill level 10 in Evocations
 27770 | Lair:6   | Reached ***** piety under Ashenzari
 27863 | Lair:6   | Reached XP level 15. HP: 122/122 MP: 13/32
 27956 | Lair:6   | Reached skill level 11 in Invocations
 28096 | Lair:6   | Reached skill level 11 in Stealth
 29003 | Orc:1    | Entered Level 1 of the Orcish Mines
 29635 | Orc:1    | Found Ugaemeur's Armour Emporium.
 29830 | Orc:2    | Entered Level 2 of the Orcish Mines
 29837 | Orc:2    | Found a staircase to the Elven Halls.
 29901 | Orc:2    | Noticed an orc warlord
 29939 | Orc:2    | Killed an orc warlord
 30302 | Orc:2    | Found Emnav's Gadget Gallery.
 30369 | Orc:2    | Found Kuduusar's General Store.
 30370 | Orc:2    | Noticed Nergalle
 30384 | Orc:2    | Noticed an orc warlord
 30384 | Orc:2    | Noticed Blork the orc
 30593 | Orc:2    | Noticed an orc warlord
 30598 | Orc:2    | Killed an orc warlord
 31225 | Orc:2    | Killed Nergalle
 31398 | Orc:2    | Killed Blork the orc
 31412 | Orc:2    | Killed an orc warlord
 31657 | Orc:2    | Found Kimp's Antique Weapon Boutique.
 31846 | Orc:2    | Found Zosiugic's Jewellery Boutique.
 31871 | Orc:2    | Found Tigirubb's Antique Armour Boutique.
 32026 | Orc:2    | Bought a glowing helmet for 240 gold pieces
 32026 | Orc:2    | Bought a pair of glowing gloves for 240 gold pieces
 32026 | Orc:2    | Bought a steaming chain mail for 304 gold pieces
 32026 | Orc:2    | Identified the +0 chain mail of Imytacut {Int+2} (You
                  | bought it in a shop on level 2 of the Orcish Mines)
 32038 | Orc:2    | Learned a level 7 spell: Dragon Form
 32282 | D:12     | Upgraded the game from 0.29-a0-885-gb26ba3297d to
                  | 0.29-a0-887-gcbe080d7e0
 32335 | D:12     | Identified the cursed +0 helmet "Gaze Upon Infinity"
                  | {Melee, Cun} (You found it on level 5 of the Dungeon)
 32335 | D:12     | Identified the cursed +1 pair of gloves of Supernal
                  | Understanding {Melee, Fort} (You found it on level 8 of the
                  | Dungeon)
 32335 | D:12     | Identified the cursed +0 pair of boots of the Astral Sage
                  | {Fort, Alch} (You found it on level 6 of the Dungeon)
 32335 | D:12     | Identified the cursed +0 buckler of the Chained Soothsayer
                  | {Self, Alch} (You took it off a gnoll sergeant on level 9
                  | of the Dungeon)
 32369 | D:12     | Found a gate leading to a gauntlet.
 32385 | Gauntlet | Entered a Gauntlet
 32385 | Gauntlet | Found a transporter.
 32385 | Gauntlet | Found a large runed translucent door.
 32385 | Gauntlet | Found a large runed translucent door.
 32385 | Gauntlet | Found a large runed translucent door.
 32385 | Gauntlet | Found a large runed translucent door.
 32385 | Gauntlet | Found a runed translucent door.
 32385 | Gauntlet | Found a runed translucent door.
 32385 | Gauntlet | Found a large runed translucent door.
 32385 | Gauntlet | Found a large runed translucent door.
 32385 | Gauntlet | Found a large runed translucent door.
 32385 | Gauntlet | Found a large runed translucent door.
 32385 | Gauntlet | Found a large runed translucent door.
 32385 | Gauntlet | Found a large runed translucent door.
 32386 | Gauntlet | Found a large runed translucent door.
 32386 | Gauntlet | Found a large runed translucent door.
 32399 | Gauntlet | Found a transporter.
 32409 | Gauntlet | Found a transporter.
 32414 | Gauntlet | Found a transporter.
 32429 | Gauntlet | Found a transporter.
 32448 | Gauntlet | Found a transporter.
 32460 | Gauntlet | Found a transporter.
 32461 | Gauntlet | Identified the amulet "Bediac" {RegenMP Will+}
 32468 | Gauntlet | Found a transporter.
 32468 | Gauntlet | Found a transporter.
 32485 | Gauntlet | Found a transporter.
 32497 | Gauntlet | Found a transporter.
 32503 | Gauntlet | Found a transporter.
 32503 | Gauntlet | Found a transporter.
 32505 | Gauntlet | Found a transporter.
 32516 | Gauntlet | Identified the ring of Yrueth {Fly rElec}
 32525 | Gauntlet | Identified the ring "Zibiar" {Str+7 Slay+4}
 32526 | Gauntlet | Found a transporter.
 32532 | Gauntlet | Found a transporter.
 32575 | Gauntlet | Found a transporter.
 32593 | Gauntlet | Found a large runed translucent door.
 32594 | Gauntlet | Found a large runed translucent door.
 32598 | Gauntlet | Found a runed translucent gate.
 32598 | Gauntlet | Found a runed translucent gate.
 32598 | Gauntlet | Found a runed translucent gate.
 32600 | Gauntlet | Found a transporter.
 32600 | Gauntlet | Identified the +6 scale mail of Shielding {rElec}
 32604 | Gauntlet | Found a large runed translucent door.
 32605 | Gauntlet | Found a large runed translucent door.
 32822 | Gauntlet | Reached skill level 9 in Hexes
 32822 | Gauntlet | Reached skill level 9 in Summonings
 32822 | Gauntlet | Reached skill level 9 in Necromancy
 32822 | Gauntlet | Reached skill level 9 in Translocations
 32822 | Gauntlet | Reached skill level 9 in Transmutations
 32822 | Gauntlet | Reached skill level 9 in Fire Magic
 32822 | Gauntlet | Reached skill level 9 in Ice Magic
 32822 | Gauntlet | Reached skill level 9 in Air Magic
 32822 | Gauntlet | Reached skill level 9 in Earth Magic
 32822 | Gauntlet | Reached skill level 9 in Poison Magic
 33398 | Gauntlet | Identified the +10 glaive of the Dark Horse {vorpal, Will+
                  | Str+3 Int+4}
 34172 | D:13     | Noticed Kirke
 34186 | D:13     | Killed Kirke
 34186 | D:13     | Identified the cursed ring "Omission of Ashenzari" {EV+4,
                  | Bglg, Fort} (You found it on level 6 of the Dungeon)
 34186 | D:13     | Identified the cursed ring "Lashed Together" {Int+6, Cun,
                  | Bglg} (You found it on level 4 of the Lair of Beasts)
 34543 | D:13     | Noticed Rupert
 34573 | D:13     | Reached skill level 12 in Spellcasting
 34573 | D:13     | Reached XP level 16. HP: 134/134 MP: 22/35
 34654 | D:13     | Noticed Jorgrun
 34655 | D:13     | Killed Rupert
 34659 | D:13     | Killed Jorgrun
 34660 | D:13     | Reached skill level 11 in Fighting
 34660 | D:13     | Reached skill level 11 in Short Blades
 34660 | D:13     | Reached skill level 11 in Long Blades
 34660 | D:13     | Reached skill level 11 in Axes
 34660 | D:13     | Reached skill level 11 in Maces & Flails
 34660 | D:13     | Reached skill level 11 in Polearms
 34660 | D:13     | Reached skill level 11 in Staves
 34660 | D:13     | Reached skill level 11 in Ranged Weapons
 34660 | D:13     | Reached skill level 11 in Throwing
 34660 | D:13     | Reached skill level 11 in Armour
 34660 | D:13     | Reached skill level 11 in Shields
 34660 | D:13     | Reached skill level 11 in Unarmed Combat
 34660 | D:13     | Reached skill level 11 in Evocations
 35049 | D:14     | Reached skill level 12 in Invocations
 35180 | D:14     | Found a broken altar of Ashenzari.
 35542 | D:14     | Reached skill level 12 in Dodging
 36066 | D:14     | Found a gate to the Vaults.
 36169 | D:14     | Reached skill level 12 in Stealth
 36496 | D:15     | Entered Level 15 of the Dungeon
 37640 | D:15     | Identified the +3 robe "Luec" {rPois rF++}
 37864 | D:15     | Found a staircase to the Depths.
 38299 | D:5      | Killed Anon1729's ghost
 38625 | Snake:1  | Entered Level 1 of the Snake Pit
 38630 | Snake:1  | Found a runed translucent door.
 38630 | Snake:1  | Noticed Purues's ghost (journeyman MiFi)
 38637 | Snake:1  | Killed Purues's ghost
 38897 | Snake:1  | Reached skill level 12 in Conjurations
 39995 | Snake:1  | Found a shadowy altar of Dithmenos.
 40285 | Snake:1  | Reached skill level 12 in Unarmed Combat
 40389 | Snake:1  | Reached XP level 17. HP: 133/138 MP: 23/35
 41002 | Snake:2  | Noticed Aizul
 41024 | Snake:1  | HP: 15/207 [black mamba[a naga ritualist] (6)]
 41024 | Snake:1  | HP: 4/207 [Aizul/bolt of poison (11)]
 41028 | Snake:1  | Killed Aizul
 41030 | Snake:1  | HP: 13/207 [black mamba[a naga ritualist] (7)]
 41438 | Snake:2  | Reached skill level 10 in Hexes
 41438 | Snake:2  | Reached skill level 10 in Summonings
 41438 | Snake:2  | Reached skill level 10 in Necromancy
 41438 | Snake:2  | Reached skill level 10 in Translocations
 41438 | Snake:2  | Reached skill level 10 in Transmutations
 41438 | Snake:2  | Reached skill level 10 in Fire Magic
 41438 | Snake:2  | Reached skill level 10 in Ice Magic
 41438 | Snake:2  | Reached skill level 10 in Air Magic
 41438 | Snake:2  | Reached skill level 10 in Earth Magic
 41438 | Snake:2  | Reached skill level 10 in Poison Magic
 41881 | Snake:2  | Found the +3 pair of mountain boots {steadfast, rC+}
 42260 | Snake:2  | Reached skill level 13 in Invocations
 42383 | Snake:2  | Reached skill level 12 in Fighting
 42383 | Snake:2  | Reached skill level 12 in Short Blades
 42383 | Snake:2  | Reached skill level 12 in Long Blades
 42383 | Snake:2  | Reached skill level 12 in Axes
 42383 | Snake:2  | Reached skill level 12 in Maces & Flails
 42383 | Snake:2  | Reached skill level 12 in Polearms
 42383 | Snake:2  | Reached skill level 12 in Staves
 42383 | Snake:2  | Reached skill level 12 in Ranged Weapons
 42383 | Snake:2  | Reached skill level 12 in Throwing
 42383 | Snake:2  | Reached skill level 12 in Armour
 42383 | Snake:2  | Reached skill level 12 in Shields
 42383 | Snake:2  | Reached skill level 12 in Evocations
 42682 | Snake:2  | Reached skill level 13 in Spellcasting
 43095 | Snake:2  | Identified the +0 chain mail "Fusyvaj" {rC++}
 43667 | Snake:2  | Noticed Nikola
 43683 | Snake:2  | Killed Nikola
 43686 | Snake:2  | Noticed Agnes
 43880 | Snake:2  | Killed Agnes
 43881 | Snake:2  | Reached skill level 13 in Dodging
 44587 | Snake:3  | Noticed Louise
 44601 | Snake:3  | Killed Louise
 44621 | Snake:3  | Reached skill level 13 in Unarmed Combat
 45140 | Snake:3  | Identified the ring "Pukuxisch" {rC- rN+ Dex+6 Stlth+}
 45235 | Snake:3  | Reached skill level 13 in Stealth
 45235 | Snake:3  | Noticed Vashnia
 45350 | Snake:3  | Killed Vashnia
 46550 | Snake:3  | Noticed Saint Roka
 46561 | Snake:3  | Reached XP level 18. HP: 132/147 MP: 29/37
 46573 | Snake:3  | Killed Saint Roka
 47554 | Snake:4  | Entered Level 4 of the Snake Pit
 47804 | Snake:3  | Gained mutation: You are occasionally teleported next to
                  | monsters. [mutagenic glow]
 48746 | Snake:4  | Found Astiw's Weapon Shop.
 48969 | Snake:3  | Lost mutation: You are occasionally teleported next to
                  | monsters. [potion of mutation]
 48969 | Snake:3  | Gained mutation: You passively dampen the noise of your
                  | surroundings. [potion of mutation]
 48969 | Snake:3  | Gained mutation: You expend magic power (3 MP) to
                  | strengthen your wands. [potion of mutation]
 49069 | Lair:2   | Identified the cursed +2 helmet of Ouranomancy {SInv, Bglg,
                  | Elem} (You bought it in a shop on level 2 of the Orcish
                  | Mines)
 49764 | Snake:4  | Reached skill level 14 in Unarmed Combat
 50846 | Snake:4  | Reached skill level 14 in Invocations
 50867 | Snake:4  | HP: 20/222 [salamander/+0 trident (8)]
 50868 | Snake:4  | HP: 8/222 [salamander/+0 trident (4)]
 51080 | Snake:4  | Reached skill level 11 in Hexes
 51080 | Snake:4  | Reached skill level 11 in Summonings
 51080 | Snake:4  | Reached skill level 11 in Necromancy
 51080 | Snake:4  | Reached skill level 11 in Translocations
 51080 | Snake:4  | Reached skill level 11 in Transmutations
 51080 | Snake:4  | Reached skill level 11 in Fire Magic
 51080 | Snake:4  | Reached skill level 11 in Ice Magic
 51080 | Snake:4  | Reached skill level 11 in Air Magic
 51080 | Snake:4  | Reached skill level 11 in Earth Magic
 51080 | Snake:4  | Reached skill level 11 in Poison Magic
 51374 | Snake:4  | Reached skill level 13 in Conjurations
 51459 | Snake:4  | Reached skill level 13 in Fighting
 51459 | Snake:4  | Reached skill level 13 in Short Blades
 51459 | Snake:4  | Reached skill level 13 in Long Blades
 51459 | Snake:4  | Reached skill level 13 in Axes
 51459 | Snake:4  | Reached skill level 13 in Maces & Flails
 51459 | Snake:4  | Reached skill level 13 in Polearms
 51459 | Snake:4  | Reached skill level 13 in Staves
 51459 | Snake:4  | Reached skill level 13 in Ranged Weapons
 51459 | Snake:4  | Reached skill level 13 in Throwing
 51459 | Snake:4  | Reached skill level 13 in Armour
 51459 | Snake:4  | Reached skill level 13 in Shields
 51459 | Snake:4  | Reached skill level 13 in Evocations
 52301 | Snake:4  | Got a serpentine rune of Zot
 52511 | Swamp:1  | Entered Level 1 of the Swamp
 52707 | Swamp:1  | Reached skill level 14 in Spellcasting
 52918 | Swamp:1  | Learned a level 6 spell: Conjure Ball Lightning
 52926 | Swamp:1  | Learned a level 7 spell: Orb of Destruction
 52975 | Swamp:1  | Identified +0 swamp dragon scales
 53798 | Swamp:2  | Reached XP level 19. HP: 155/155 MP: 30/38
 54002 | Swamp:2  | Found a radiant altar of Vehumet.
 54211 | Swamp:2  | Reached skill level 14 in Dodging
 55093 | Swamp:3  | Reached skill level 15 in Unarmed Combat
 55108 | Swamp:3  | HP: 10/232 [bunyip (18)]
 55109 | Swamp:3  | Mangled by an alligator

Vanquished Creatures
  Saint Roka (Snake:3)
  Vashnia (Snake:3)
  Nikola (Snake:2)
  Rupert (D:13)
  Jorgrun (D:13)
  Agnes (Snake:2)
  Kirke (D:13)
  7 nagarajas
  Louise (Snake:3)
  Aizul (Snake:1)
  3 orc warlords (Orc:2)
  A stone giant (D:15)
  2 eleionomae
  2 bunyips
  A minotaur (Gauntlet)
  The ghost of Purues the Severer, a journeyman MiFi of Ru (Snake:1)
  2 ettins
  Harold (D:11)
  2 ice dragons
  A vault guard (D:14)
  6 salamander tyrants
  4 boulder beetles
  13 hydras
  11 anacondas
  5 catoblepae (Lair:6)
  6 two-headed ogres
  20 death yaks
  20 naga warriors
  3 alligators
  2 death scarabs (Gauntlet)
  8 tengu warriors
  20 naga sharpshooters
  9 shock serpents
  Nergalle (Orc:2)
  Sonja (D:11)
  An orc high priest (Orc:2)
  7 salamander mystics
  A goliath frog (Swamp:2)
  7 naga ritualists
  A swamp dragon (Swamp:1)
  4 bog bodies
  3 spriggan druids
  A harpy (shapeshifter) (D:14)
  A wizard (D:9)
  3 deep elf pyromancers (D:15)
  7 orc knights
  14 mana vipers
  16 ugly things
  5 orc sorcerers
  30 salamanders
  2 will-o-the-wisps
  3 manticores
  A cyclops (D:7)
  6 elephants (Lair:4)
  41 black mambas
  11 naga magi
  A black mamba (shapeshifter) (D:14)
  6 guardian serpents
  3 ice statues
  8 cane toads
  A gargoyle (D:12)
  A kobold demonologist (D:9)
  A freezing wraith (Lair:3)
  6 rime drakes
  An unseen horror (D:12)
  7 tengu conjurers
  6 komodo dragons
  The ghost of Anon1729 the Ruffian, an amateur MiMo (D:5)
  2 bloated husks (Swamp:2)
  A queen bee (Gauntlet)
  4 trolls
  4 tyrant leeches
  13 hornets
  3 polar bears
  11 slime creatures
  6 dream sheep (Lair:3)
  A spectral black mamba (Gauntlet)
  30 blink frogs
  A centaur simulacrum (D:12)
  3 shadows
  A culicivora (shapeshifter) (D:15)
  14 spriggans
  3 vampires
  6 wraiths
  69 yaks
  6 wyverns
  A basilisk (Lair:6)
  3 hogs (D:13)
  17 vampire mosquitoes
  3 steam dragons
  5 wargs
  6 swamp worms
  43 nagas
  13 water moccasins
  A spectral torpor snail (Gauntlet)
  Duvessa (D:4)
  45 orc warriors
  3 sky beasts (D:7)
  A swamp drake (Swamp:2)
  10 ice beasts (Lair:3)
  4 boggarts (D:15)
  2 centaurs (D:9)
  10 wolves
  6 ogres
  4 kobold brigands
  A phantom (D:4)
  Blork the orc (Orc:2)
  13 bullfrogs
  3 necrophages
  3 scorpions
  3 gnoll sergeants
  Dowan (D:4)
  11 wights
  10 killer bees
  3 lindwurm simulacra (IceCv)
  An electric eel (Lair:2)
  4 howler monkeys
  4 komodo dragon simulacra (IceCv)
  5 gnoll boudas
  5 jellies
  11 orc priests
  Terence (D:2)
  3 iguanas
  21 orc wizards
  15 gnolls
  A river rat (D:6)
  13 adders
  5 acid dragon simulacra (IceCv)
  2 shadow imps
  4 white imps
  2 ufetubi
  9 steam dragon simulacra (IceCv)
  4 worms
  2 dart slugs (D:2)
  64 orcs
  8 endoplasms
  4 giant cockroaches
  5 goblins
  5 hobgoblins
  15 jackals
  4 quokkas
  6 ball pythons
  2 bats
  5 frilled lizards
  5 kobolds
  3 rats (D:6)
1011 creatures vanquished.

Vanquished Creatures (others)
  A wizard (D:14)
  A gnoll (D:5)
  A goblin (D:7)
  2 ball lightnings (Swamp:1)
  2 foxfires (Lair:2)
  83 fulminant prisms
  35 fungi
  86 plants
211 creatures vanquished.

Grand Total: 1222 creatures vanquished
